 Dungeon Crawl Stone Soup version 0.22-a0-877-g5c4e1af (webtiles) character file.

700 prawnwizard the Slasher (level 7, -13/57 HPs)
             Began as a Demonspawn Gladiator on July 29, 2018.
             Mangled by an ogre
             ... wielding a +0 giant spiked club
              (26 damage)
             ... on level 5 of the Dungeon.
             The game lasted 00:05:28 (4733 turns).

prawnwizard the Slasher (Demonspawn Gladiator)      Turns: 4733, Time: 00:05:29

Health: -13/57     AC:  9    Str: 16    XL:     7   Next: 38%
Magic:  7/7        EV: 13    Int:  9    God:
Gold:   180        SH:  0    Dex: 15    Spells: 6/6 levels left

rFire    . . .     SeeInvis .   a - +0 long sword
rCold    . . .     Gourm    +   (no shield)
rNeg     . . .     Faith    .   q - +0 ring mail
rPois    .         Spirit   .   c - +0 helmet
rElec    .         Reflect  .   r - scarf {cloud immunity}
rCorr    .         Harm     .   (no gloves)
MR       .....                  h - +0 pair of boots
Stlth    ++........             p - amulet of the gourmand
HPRegen  0.19/turn              g - ring of stealth
MPRegen  0.10/turn              (no ring)

@: no status effects
A: claws 2, rugged brown scales 2, spiny 1
a: no special abilities


You were on level 5 of the Dungeon.
You were completely stuffed.

You visited 1 branch of the dungeon, and saw 5 of its levels.

You collected 180 gold pieces.

Inventory:

Hand Weapons
 a - a +0 long sword (weapon)
Missiles
 d - 3 throwing nets (quivered)
Armour
 b - a +0 leather armour
 c - a +0 helmet (worn)
 h - a +0 pair of boots (worn)
 q - a +0 ring mail (worn)
 r - a scarf of cloud immunity (worn)
Jewellery
 g - a ring of stealth (left claw)
 p - an amulet of the gourmand (around neck)
 v - an uncursed ring of stealth
 z - a cursed ring of attention {unknown}
Wands
 t - a wand of digging (8)
 y - a wand of acid (6)
Scrolls
 e - 7 scrolls of identify {unknown}
 j - 3 scrolls of blinking {unknown}
 l - a scroll of random uselessness {unknown}
 o - a scroll of amnesia {unknown}
 s - a scroll of fear {unknown}
 u - 2 scrolls of teleportation {unknown}
 w - a scroll of fog {unknown}
 x - 2 scrolls of remove curse {unknown}
Potions
 i - 3 potions of lignification {unknown}
 k - a potion of brilliance {unknown}
 m - 2 potions of berserk rage {unknown}
 n - 2 potions of curing
 B - a potion of degeneration {unknown}
Comestibles
 f - 9 rations
 A - 12 chunks of flesh


   Skills:
 + Level 4.4 Fighting
 * Level 5.9 Long Blades
 - Level 1.7 Throwing
 + Level 4.5 Dodging


You had 6 spell levels left.
You didn't know any spells.
Your spell library was empty.

Dungeon Overview and Level Annotations

Branches:
Dungeon (5/15)
 Temple: D:4-7

Altars:
Hepliaklqana
Makhleb
Nemelex Xobeh
Okawaru
Qazlal
Xom
Yredelemnul
Zin
Beogh

Shops:
D:4 =[

Annotations:
D:4 3 runed doors, SkeletonJelly's ghost, amateur DsBe


Innate Abilities, Weirdness & Mutations

You have very sharp fingernails.
You are mostly covered in rugged brown scales. (AC +2, +5% HP)
You are partially covered in sharp spines.


Message History

An ogre is nearby!
The ogre shouts!
You slash the ogre!
The ogre is moderately wounded.
The ogre hits you with a giant spiked club!
You hit the ogre.
The ogre is heavily wounded.
The ogre is struck by your spines.
The ogre hits you with a giant spiked club!!
Ouch! That really hurt!
* * * LOW HITPOINT WARNING * * *
You are too injured to fight recklessly!
You are too injured to fight recklessly!
You are too injured to fight recklessly!
You hit the ogre.
The ogre is severely wounded.
You barely miss the ogre.
The ogre is severely wounded.
The ogre hits you with a giant spiked club!!
You die...

########...........###.##.# #.#..
....(.##.............#.##.###....
......##.........................
..|...###.#######....#.##.#######
................#....#........###
......###.##.##.#..#.####........
......# #.#........#.## #........
......###.##.##.#.##(.# #........
.....>..........@O....###.###.###
......###.##.##.#................
###.......##.##.#.....[.....#....
#.......##.##.###.##.##.#.#####
#.......##.##.# #.##..#.#.###..
#.#.......##.##.. ...##.#.#......
....#.###.##.########<#.#.#......
........#.##.# ### #.#.#.#......
#.#.###.###..# #.###.#...##.....


You could see an ogre.

Vanquished Creatures
  Sigmund (D:4)
  An ogre (D:4)
  Blork the orc (D:4)
  A hound (D:4)
  A gnoll shaman (D:5)
  An orc wizard (D:3)
  4 worker ants
  4 gnolls (D:5)
  4 adders
  A shadow imp (D:5)
  2 oozes (D:1)
  An adder zombie (D:5)
  2 worms
  A leopard gecko (D:2)
  13 orcs
  6 bats
  4 giant cockroaches
  11 hobgoblins
  10 jackals
  4 quokkas
  4 frilled lizards
  11 goblins
  6 kobolds
  A leopard gecko skeleton (D:4)
  A quokka skeleton (D:4)
  12 rats
108 creatures vanquished.

Notes
Turn   | Place    | Note
-------+----------+-------------------------------------------
     0 | D:1      | prawnwizard the Demonspawn Gladiator began the quest for the Orb.
     0 | D:1      | Reached XP level 1. HP: 16/16 MP: 1/1
    56 | D:1      | Reached skill level 3 in Long Blades
    56 | D:1      | Gained mutation: You are partially covered in rugged brown scales. (AC +1, +3% HP) [demonic ancestry]
    56 | D:1      | Reached XP level 2. HP: 6/22 MP: 2/2
   498 | D:1      | Gained mutation: You have sharp fingernails. [demonic ancestry]
   498 | D:1      | Reached XP level 3. HP: 28/28 MP: 3/3
  1256 | D:2      | Found a basalt altar of Yredelemnul.
  1980 | D:3      | Gained mutation: You are mostly covered in rugged brown scales. (AC +2, +5% HP) [demonic ancestry]
  1980 | D:3      | Reached XP level 4. HP: 19/35 MP: 4/4
  2794 | D:3      | Reached skill level 4 in Long Blades
  2800 | D:3      | Reached XP level 5. HP: 22/43 MP: 5/5
  3312 | D:4      | Noticed Blork the orc
  3334 | D:4      | Killed Blork the orc
  3531 | D:4      | Noticed SkeletonJelly's ghost (amateur DsBe)
  3538 | D:4      | Found a runed gate.
  3539 | D:4      | Noticed an orc warrior
  3561 | D:4      | Found Neeruxt's Jewellery Boutique.
  3571 | D:4      | Found Ziuxzal's Antique Armour Boutique.
  3701 | D:4      | Gained mutation: You are partially covered in sharp spines. [demonic ancestry]
  3701 | D:4      | Reached XP level 6. HP: 49/49 MP: 6/6
  3711 | D:4      | Found a stormy altar of Qazlal.
  3711 | D:4      | Found a burning altar of Makhleb.
  3711 | D:4      | Found a glowing silver altar of Zin.
  3728 | D:4      | Found a shimmering altar of Xom.
  3736 | D:4      | Found a hazy altar of Hepliaklqana.
  3804 | D:4      | Reached skill level 5 in Long Blades
  4072 | D:4      | Noticed Sigmund
  4095 | D:4      | Killed Sigmund
  4095 | D:4      | Gained mutation: You have very sharp fingernails. [demonic ancestry]
  4095 | D:4      | Reached XP level 7. HP: 56/56 MP: 7/7
  4220 | D:4      | Found a runed gate.
  4221 | D:4      | Found a runed gate.
  4222 | D:4      | Found a roughly hewn altar of Beogh.
  4304 | D:4      | Found a sparkling altar of Nemelex Xobeh.
  4304 | D:4      | Found an iron altar of Okawaru.
  4326 | D:5      | Entered Level 5 of the Dungeon
  4733 | D:5      | Mangled by an ogre

Vault maps used:
D:1:      erik_arrival_gehennom
D:2:      grunt_ministairs_8, yredelemnul_altar_generic
D:4:      gammafunk_temple_overflow_wave, minmay_overflow_temple_star_hex,
          biasface_ghost_orc_armoury, serial_shops, shop, nicolae_shop_trees,
          uniq_blork_the_orc, uniq_sigmund
D:5:      first_ration

Skill      XL: |  1  2  3  4  5  6 |
---------------+-------------------+-----
Long Blades    | 3 4 5 |  5.9
Dodging        | 3 4 |  4.5
Fighting       | 3 4 |  4.4
Throwing       | |  1.7

Action                   |  1- 3 |  4- 6 |  7- 9 || total
-------------------------+-------+-------+-------++-------
Melee: Long sword        |   136 |   170 |    45 ||   351
 Stab: Sleeping          |     4 |     2 |       ||     6
  Eat: Chunk             |    11 |    11 |     2 ||    24
Armor: Leather armour    |    55 |       |       ||    55
       Ring mail         |    11 |    85 |    15 ||   111
Dodge: Dodged            |    97 |   139 |    23 ||   259
       Rpst.: Long sword |    28 |    40 |     3 ||    71

Table legend:
 A = Spawn XP
 B = Non-spawn XP
 C = Spawn XP percentage of total XP
 D = Spawn monster count
 E = Non-spawn monster count
 F = Spawn count percentage of total count
 G = Total turns spent on level
                    A         B        C        D         E        F      G
               +---------+---------+-------+---------+---------+-------+---------
         Total |       0 |    1000 |   0.0 |       0 |     108 |   0.0 |  4733
               +---------+---------+-------+---------+---------+-------+---------
           D:1 |       0 |      49 |   0.0 |       0 |      26 |   0.0 |  1067
           D:2 |       0 |      48 |   0.0 |       0 |      23 |   0.0 |  1133
           D:3 |       0 |     113 |   0.0 |       0 |      31 |   0.0 |  1284
           D:4 |       0 |     623 |   0.0 |       0 |      16 |   0.0 |   842
           D:5 |       0 |     167 |   0.0 |       0 |      12 |   0.0 |   407
               +---------+---------+-------+---------+---------+-------+---------
